 Dungeon Crawl Stone Soup version 0.28-a0-706-gf6f64a616a (webtiles) character file.

Game seed: 9642913772131661697

257 frimble the Firebug (level 5, 0/35 HPs)
             Began as a Demonspawn Fire Elementalist on Oct 25, 2021.
             Killed by nerve-wracking pain
             ... invoked by an orc priest
              (12 damage)
             ... on level 4 of the Dungeon.
             The game lasted 00:03:19 (3491 turns).

frimble the Firebug (Demonspawn Fire Elementalist)  Turns: 3491, Time: 00:03:19

Health: 0/35       AC:  3    Str:  8    XL:     5   Next: 93%
Magic:  4/8        EV: 17    Int: 17    God:
Gold:   142        SH:  0    Dex: 14    Spells: 7/8 levels left

rFire   . . .      SeeInvis .   j - +0 spear
rCold   . . .      Faith    .   (no shield)
rNeg    . . .      Spirit   .   a - +0 robe
rPois   .          Reflect  .   (helmet restricted)
rElec   .          Harm     .   (no cloak)
rCorr   .          Rampage  .   (no gloves)
Will    .....                   (no boots)
Stlth   ++........              (no amulet)
HPRegen 0.11/turn               (no ring)
MPRegen 0.11/turn               (no ring)

@: agile
A: horns 1, powered by pain 1, sharp scales 1
a: no special abilities


You were on level 4 of the Dungeon.
You visited 1 branch of the dungeon, and saw 4 of its levels.

You collected 142 gold pieces.

Inventory:

Hand Weapons
 j - a +0 spear (weapon)
Missiles
 h - 2 throwing nets
Armour
 a - a +0 robe (worn)
Jewellery
 i - a ring of ice
Scrolls
 b - a scroll of teleportation
 k - a scroll of identify
 l - a scroll of summoning
Potions
 c - a potion of invisibility {unknown}
 d - a potion of berserk rage {unknown}
 e - a potion of brilliance {unknown}
 f - 2 potions of lignification {unknown}
 g - a potion of might {unknown}
 m - a potion of degeneration {unknown}


   Skills:
 - Level 1.7 Dodging
 - Level 1.7 Stealth
 - Level 2.0 Spellcasting
 + Level 4.2 Conjurations
 + Level 4.7 Fire Magic


You had 7 spell levels left.
You knew the following spells:

 Your Spells              Type           Power      Damage    Failure   Level
a - Foxfire               Conj/Fire      64%        2x1d7     3%          1

Your spell library contained the following spells:

 Spells                   Type           Power      Damage    Failure   Level
 Scorch                   Fire           34%        2d7       4%          2
 Conjure Flame            Conj/Fire      16%        6-21      10%         3
 Inner Flame              Hex/Fire       9%         N/A       22%         3
 Flame Wave               Conj/Fire      16%        3d5       30%         4


Dungeon Overview and Level Annotations

Branches:
Dungeon (4/15)
 Temple: D:4-7

Altars:


Innate Abilities, Weirdness & Mutations

You have a pair of small horns on your head.
You sometimes gain a little power by taking damage.
You are partially covered in razor-sharp scales. (AC +1, Slay +1)


Message History

The iguana is moderately wounded.
The foxfire hits the iguana but does no damage.
The iguana is moderately wounded.
You hit the iguana.
The iguana is heavily wounded.
The foxfire hits the iguana.
The iguana is severely wounded.
The foxfire hits the iguana but does no damage.
The iguana is severely wounded.
The iguana bites you.
You hit the iguana but do no damage.
The iguana is severely wounded.
The iguana closely misses you.
Casting: Foxfire (safe; 3% risk of failure)
Confirm with . or Enter, or press ? or * to list all spells.
You conjure some foxfire!
The iguana completely misses you.
The orc priest casts a cantrip, but nothing happens.
Casting: Foxfire (safe; 3% risk of failure)
Confirm with . or Enter, or press ? or * to list all spells.
You conjure some foxfire!
The foxfire hits the iguana.
The iguana is almost dead.
The foxfire hits the iguana.
The iguana is almost dead.
The iguana bites you!
You focus on the pain.
You feel agile all of a sudden.
Casting: Foxfire (safe; 3% risk of failure)
Confirm with . or Enter, or press ? or * to list all spells.
You conjure some foxfire!
The foxfire hits the orc.
The orc is heavily wounded.
The foxfire hits the iguana.
You kill the iguana!
The orc priest calls upon Beogh to heal the orc.
The orc's wounds heal themselves!
The foxfire hits the orc!
You kill the orc!
The foxfire hits the orc priest.
The orc priest is moderately wounded.
The orc priest calls down the wrath of Beogh upon you.
Pain shoots through your body!
You die...

###########
#.........#
#.........###########.
#.............>.......
#.........####.######
#.........# ##@######
#.........# #§......#
#.........# #§.o)...#
#.........# #.§)....#
#.........# #.......#
####......# #.........
#......# #.......##
#......# #########
#......#


You could see an orc priest.

Vanquished Creatures
  A hound (D:4)
  An iguana (D:4)
  An orc wizard (D:4)
  6 gnolls
  5 adders
  4 dart slugs
  8 orcs
  3 endoplasms
  A giant cockroach (D:3)
  6 goblins
  4 hobgoblins
  A kobold (D:2)
  3 quokkas
  3 ball pythons
  2 bats (D:1)
  4 frilled lizards
  9 rats
62 creatures vanquished.

Vanquished Creatures (others)
  161 foxfires
161 creatures vanquished.

Grand Total: 223 creatures vanquished

Notes
Turn   | Place    | Note
-------+----------+-------------------------------------------
     0 | D:1      | frimble the Demonspawn Fire Elementalist began the quest
                  | for the Orb.
     0 | D:1      | Reached XP level 1. HP: 13/13 MP: 3/3
   696 | D:1      | Gained mutation: You are partially covered in razor-sharp
                  | scales. (AC +1, Slay +1) [demonic ancestry]
   696 | D:1      | Reached XP level 2. HP: 19/19 MP: 3/5
  1594 | D:2      | Reached XP level 3. HP: 22/24 MP: 1/6
  1821 | D:2      | Gained mutation: You sometimes gain a little power by
                  | taking damage. [demonic ancestry]
  1821 | D:2      | Reached XP level 4. HP: 30/30 MP: 4/7
  2919 | D:4      | Gained mutation: You have a pair of small horns on your
                  | head. [demonic ancestry]
  2919 | D:4      | Reached XP level 5. HP: 35/35 MP: 0/8
  3491 | D:4      | Killed from afar by an orc priest

Illustrated notes

Levels and vault maps discovered:
D:1:      ncdulo_lavacross, layout_basic
D:2:      layout_rooms
D:3:      layout_rooms, chequers_decorated_corner
D:4:      layout_basic

Skill      XL: |  1  2  3  4  5 |
---------------+----------------+-----
Fire Magic     | 3 4 |  4.7
Conjurations   | 2 3 4 |  4.2
Dodging        | |  1.7
Stealth        | |  1.7
Spellcasting   | |  2.0

Action                   |  1- 3 |  4- 6 || total
-------------------------+-------+-------++-------
Melee: Unarmed           |    51 |    10 ||    61
       Spear             |       |    73 ||    73
       Headbutt          |       |     3 ||     3
 Cast: Foxfire           |    39 |    58 ||    97
  Use: Scroll            |     3 |     1 ||     4
 Stab: Sleeping          |     2 |     2 ||     4
Armor: Robe              |     9 |    10 ||    19
Dodge: Dodged            |    39 |    34 ||    73

Table legend: (Time is in decaauts)
 A = Elapsed time spent in this place.
 B = Non-inter-level travel time spent in this place.
 C = Inter-level travel time spent in this place.
 D = Time resting spent in this place.
 E = Time spent auto-exploring this place.
 F = Levels seen in this place.
 G = Mean time per level.
                   A        B        C        D        E       F      G
               +--------+--------+--------+--------+--------+-----+--------+
         Total |   3497 |   3458 |     39 |      0 |   2927 |   4 |  874.2 |
       Dungeon |   3497 |   3458 |     39 |      0 |   2927 |   4 |  874.2 |
               +--------+--------+--------+--------+--------+-----+--------+

Top non-repeatable levels by time:
     D:1: 1435 daAuts
     D:4: 746 daAuts
     D:2: 735 daAuts
     D:3: 580 daAuts
